 Dungeon Crawl Stone Soup version 0.23.0-3-gf3c87f2 (webtiles) character file.

Game seed: 9681803570546798381

161 Kurtz the Poker (level 5, 0/41 HPs)
             Began as a Mummy Chaos Knight on Feb 21, 2019.
             Was a Plaything of Xom.
             Slain by an orc
             ... wielding a +0 short sword
              (7 damage)
             ... on level 3 of the Dungeon.
             The game lasted 00:01:36 (1782 turns).

Kurtz the Poker (Mummy Chaos Knight)                Turns: 1782, Time: 00:01:37

Health: 0/41       AC:  5    Str: 16    XL:     5   Next: 19%
Magic:  5/5        EV: 11    Int: 11    God:    Xom [.*....]
Gold:   97         SH:  0    Dex: 12    Spells: 4/4 levels left

rFire    x . .     SeeInvis .   a - +0 spear (chaos)
rCold    + . .     Gourm    .   (no shield)
rNeg     + + +     Faith    .   b - +2 leather armour
rPois    ∞         Spirit   .   (no helmet)
rElec    .         Reflect  .   (no cloak)
rCorr    .         Harm     .   (no gloves)
MR       .....                  (no boots)
Stlth    +.........             (no amulet)
HPRegen  0.13/turn              e - ring of wizardry
MPRegen  0.09/turn              (no ring)

@: no status effects
A: no food or potions, fire vulnerability, cold resistance 1, negative energy
resistance 3, torment resistance, unbreathing
a: Renounce Religion


You were on level 3 of the Dungeon.
You worshipped Xom.
You were a plaything of Xom.
You were not hungry.

You visited 1 branch of the dungeon, and saw 3 of its levels.

You collected 97 gold pieces.

Inventory:

Hand Weapons
 a - a +0 spear of chaos (weapon)
Armour
 b - a +2 leather armour (worn)
Jewellery
 e - a ring of wizardry (left hand)
 i - an uncursed ring of wizardry
Wands
 h - a wand of paralysis (5)
Scrolls
 c - a scroll of magic mapping {unknown}
 d - a scroll of identify {unknown}
 f - a scroll of amnesia {unknown}
 g - 2 scrolls of teleportation {unknown}
 j - a scroll of fear {unknown}


   Skills:
 - Level 3.0 Fighting
 * Level 4.9 Polearms
 - Level 1.5 Armour
 - Level 0.7 Dodging


You had 4 spell levels left.
You didn't know any spells.
Your spell library was empty.

Dungeon Overview and Level Annotations

Branches:
Dungeon (3/15)

Altars:


Innate Abilities, Weirdness & Mutations

You do not eat or drink.
Your flesh is vulnerable to fire.
You are immune to poison.
Your flesh is cold resistant. (rC+)
You are immune to negative energy. (rN+++)
You are immune to unholy pain and torment.
You can survive without breathing.


Message History

A giant cockroach and a hobgoblin come into view.
The hobgoblin shouts!
You hear a shout!
The hobgoblin moves out of view.
A kobold comes into view.
The kobold shouts!
An orc comes into view. It is wielding a +0 flail.
The orc shouts!
You hear a bark!
The giant cockroach closely misses you.
You see here 13 gold pieces. 2 orcs come into view.
The orc shouts! x2; You hear a shout!
An orc comes into view. It is wielding a +0 short sword.
A jackal comes into view.
The orc moves out of view.
A jackal comes into view.
The jackal barks!
A jackal comes into view.
The jackal barks!
The orc hits you with a +0 short sword!
You die...

#..[.###o#.o)..#... .......
#........#o#####..o .......
+........# ...o .......
#......Ko########.. ......#
#####.######o#......o..#.......
.............g......o....>.....
#...........#o.######.#.######
#...........#os######'#...
#...........#..@o....h.####
.............#......h...
######.#######.....h.... #.#
#.......... .. #.......... #.#
#..######## .g #..#


#gg #.. You could see 5 orcs, 3 jackals, a giant cockroach, a hobgoblin and a
kobold.

Vanquished Creatures
  A crimson imp (D:2)
  Natasha (D:3)
  An orc wizard (D:3)
  A gnoll (D:1)
  2 adders
  A worm (D:2)
  A dart slug (D:1)
  A leopard gecko (D:2)
  6 giant cockroaches
  5 goblins
  A hobgoblin (D:2)
  A ball python (D:1)
  8 bats
  4 frilled lizards
  6 kobolds
  4 rats
44 creatures vanquished.

Vanquished Creatures (collateral kills)
  A ball python (D:1)
  A goblin (D:1)
2 creatures vanquished.

Grand Total: 46 creatures vanquished

Notes
Turn   | Place    | Note
-------+----------+-------------------------------------------
     0 | D:1      | Kurtz the Mummy Chaos Knight began the quest for the Orb.
     0 | D:1      | Reached XP level 1. HP: 18/18 MP: 1/1
   120 | D:1      | XOM: potion effect (agility)
   143 | D:1      | Reached XP level 2. HP: 24/24 MP: 2/2
   215 | D:1      | Reached skill level 3 in Polearms
   244 | D:1      | XOM: harmless Fire miscast
   479 | D:1      | XOM: 1-stop teleportation journey
   526 | D:1      | Reached XP level 3. HP: 28/29 MP: 3/3
   916 | D:2      | XOM: smoke on damage
  1121 | D:2      | XOM: enchant monster (good)
  1139 | D:2      | Reached skill level 4 in Polearms
  1139 | D:2      | Reached XP level 4. HP: 33/35 MP: 4/4
  1469 | D:3      | XOM: harmless Fire miscast
  1531 | D:3      | Noticed Natasha
  1555 | D:3      | Killed Natasha
  1734 | D:3      | XOM: 5-stop teleportation journey
  1745 | D:3      | XOM: smoke on damage
  1749 | D:3      | Reached XP level 5. HP: 3/41 MP: 5/5
  1782 | D:3      | Slain by an orc

Skill      XL: |  1  2  3 |
---------------+----------+-----
Polearms       | 3 4 |  4.9
Fighting       | |  3.0
Armour         | |  1.5
Dodging        | |  0.7

Action                   |  1- 3 |  4- 6 || total
-------------------------+-------+-------++-------
Melee: Spear             |   118 |    44 ||   162
 Stab: Confused          |     3 |       ||     3
       Petrified         |    11 |       ||    11
       Petrifying        |     1 |       ||     1
       Sleeping          |     1 |       ||     1
Armor: Leather armour    |    24 |    20 ||    44
Dodge: Dodged            |    34 |    24 ||    58
